 Dungeon Crawl Stone Soup version 0.24-a0-784-g601f8f6d22 (webtiles) character file.

Game seed: 9089401104190601784, levelgen mode: deterministic

632 Amen the Conjurer (level 7, -8/41 HPs)
             Began as an Octopode Wizard on Oct 9, 2019.
             Was an Initiate of Vehumet.
             Mangled by a water moccasin (9 damage)
             ... on level 5 of the Dungeon.
             The game lasted 00:25:07 (5523 turns).

Amen the Conjurer (Octopode Wizard)                 Turns: 5523, Time: 00:25:08

Health: -8/41      AC:  1    Str:  6    XL:     7   Next: 49%
Magic:  10/11      EV: 13    Int: 28    God:    Vehumet [......]
Gold:   233        SH:  0    Dex: 10    Spells: 1/12 levels left

rFire    . . .     SeeInvis .   u - +4 dagger (venom)
rCold    . . .     Gourm    .   (no shield)
rNeg     . . .     Faith    .   a - +0 hat
rPois    .         Spirit   .   (no amulet)
rElec    .         Reflect  .   (no ring)
rCorr    .         Harm     .   (no ring)
MR       .....                  (no ring)
Stlth    +++.......             (no ring)
HPRegen  0.13/turn              (no ring)
MPRegen  0.12/turn              (no ring)
                                (no ring)
                                (no ring)

@: brilliant, lethally poisoned (-8 -> -20)
A: almost no armour, stealthy swim, amphibious, 8 rings, constrict 8, camouflage
1, gelatinous body 1
a: Renounce Religion


You were on level 5 of the Dungeon.
You worshipped Vehumet.
Vehumet was noncommittal.
You were not hungry.

You visited 2 branches of the dungeon, and saw 6 of its levels.

You collected 233 gold pieces.

Inventory:

Hand Weapons
 m - a +0 war axe
 s - a +1 short sword of venom
 u - a +4 dagger of venom (weapon)
 x - the +1 dagger of Tabyonia {holy, Int+2}
   (You found it on level 4 of the Dungeon)

   It has been blessed by the Shining One to cause great damage to the undead
   and demons.
   It affects your intelligence (+2).
Missiles
 q - 10 poisoned darts (quivered)
Armour
 a - a +0 hat (worn)
Jewellery
 y - an uncursed amulet of rage {unknown}
 z - an uncursed ring of resist corrosion {unknown}
Scrolls
 b - 6 scrolls of teleportation
 g - a scroll of enchant weapon {unknown}
 h - a scroll of magic mapping {unknown}
 j - a scroll of noise {unknown}
 k - a scroll of fog {unknown}
 o - a scroll of remove curse {unknown}
 t - a scroll of blinking
Potions
 d - a potion of magic
 f - a potion of curing
 i - 2 potions of lignification {unknown}
 l - a potion of agility {unknown}
 n - 2 potions of flight {unknown}
 p - 2 potions of invisibility {unknown}
 r - 2 potions of brilliance
 v - a potion of haste
Comestibles
 c - 7 rations


   Skills:
 - Level 2.0 Dodging
 - Level 4.1 Stealth
 + Level 3.2 Spellcasting
 + Level 5.3 Conjurations
 - Level 2.8 Summonings
 - Level 1.0 Translocations
 - Level 1.0 Air Magic
 + Level 4.6 Poison Magic


You had one spell level left.
You knew the following spells:

 Your Spells              Type           Power        Failure   Level  Hunger
a - Magic Dart            Conj           ####         1%          1    None
b - Call Imp              Summ           #####...     1%          2    #......
c - Blink                 Tloc           N/A          1%          2    #......
d - Mephitic Cloud        Conj/Pois/Air  #####...     1%          3    ##.....
e - Conjure Flame         Conj/Fire      #####...     1%          3    ##.....

Your spell library contained the following spells:

 Spells                   Type           Power        Failure   Level  Hunger
 Slow                     Hex            ###.....     1%          2    #......


Dungeon Overview and Level Annotations

Branches:
Dungeon (5/15)             Temple (1/1) D:4

Altars:
Dithmenos
Elyvilon
Fedhas
Vehumet
Yredelemnul

Annotations:
D:3 Terence


Innate Abilities, Weirdness & Mutations

You cannot wear most types of armour.
You are very stealthy in the water. (Stealth+)
You are amphibious.
You can wear up to eight rings at the same time.
You can use your tentacles to constrict eight enemies at once.
Your skin changes colour to match your surroundings (Stealth+).
Your rubbery body absorbs attacks. (AC +1, EV +1)


Message History

You closely miss the water moccasin. Your grab misses the water moccasin.
The water moccasin is severely wounded.
The water moccasin bites you. The water moccasin bites you.
The orc priest invokes the aid of Beogh against you.
Beogh smites you!
* * * LOW HITPOINT WARNING * * *
The water moccasin bites you.
* * * LOW HITPOINT WARNING * * *
The water moccasin bites you.
* * * LOW HITPOINT WARNING * * *
You are lethally poisoned!
The water moccasin poisons you!
* * * LOW HITPOINT WARNING * * *
You feel sick.
It was a potion of brilliance.
You feel clever all of a sudden.
* * * LOW HITPOINT WARNING * * *
You feel sick. The water moccasin bites you!
You die...

.# #.# # ##..##..##.# .# #.#
#..#......#..# (#
#.########..##....##..#
.###............#....#).#####
##..........................#
####.##########...#.#.......#
#.............#....<#.####..#
............#.#..##.#.# .#
#.........#.#.#.@##.#.# #
#.###.###.#.#.#.S##.#.# #.#
#.# #.#.#.#..##.#.#
..###'###.....#.o##.#.#
#...'_###.....#..##.#..
..###'###...o....##.# ..# #.#
#.###.#.## #.###.###.........
#.........#.........


You could see a water moccasin and an orc priest.

Vanquished Creatures
  A sky beast (D:5)
  An ogre (D:4)
  A scorpion (D:5)
  A crimson imp (D:5)
  An orc priest (D:4)
  2 hounds
  An orc wizard (D:4)
  2 worker ants
  7 gnolls
  6 adders
  An adder skeleton (D:4)
  A worm (D:2)
  3 dart slugs
  3 leopard geckos
  9 orcs
  2 ball pythons
  A giant cockroach (D:4)
  6 goblins
  7 hobgoblins
  6 jackals (D:3)
  9 kobolds
  A quokka (D:4)
  3 bats
  5 frilled lizards
  3 rats
83 creatures vanquished.

Notes
Turn   | Place    | Note
-------+----------+-------------------------------------------
     0 | D:1      | Amen the Octopode Wizard began the quest for the Orb.
     0 | D:1      | Reached XP level 1. HP: 11/11 MP: 4/4
   533 | D:1      | Reached skill level 2 in Conjurations
   533 | D:1      | Reached XP level 2. HP: 17/17 MP: 4/6
  1227 | D:2      | Reached XP level 3. HP: 21/21 MP: 0/7
  1293 | D:2      | Learned a level 2 spell: Call Imp
  1296 | D:2      | Learned a level 2 spell: Blink
  1300 | D:2      | Learned a level 3 spell: Mephitic Cloud
  1352 | D:2      | Reached skill level 3 in Conjurations
  1491 | D:2      | Reached XP level 4. HP: 27/27 MP: 1/8
  2701 | D:3      | Noticed Terence
  2724 | D:3      | Reached skill level 1 in Poison Magic
  2930 | D:4      | Reached XP level 5. HP: 31/31 MP: 3/9
  2941 | D:4      | Reached skill level 1 in Air Magic
  3140 | D:4      | Reached skill level 4 in Conjurations
  3468 | D:4      | Reached XP level 6. HP: 22/36 MP: 7/10
  3649 | D:4      | Learned a level 3 spell: Conjure Flame
  3786 | D:4      | Found a staircase to the Ecumenical Temple.
  3797 | Temple   | Entered the Ecumenical Temple
  3901 | Temple   | Became a worshipper of Vehumet
  4018 | D:4      | Got an ancient dagger
  4022 | D:4      | Identified the +1 dagger of Tabyonia {holy, Int+2} (You
                  | found it on level 4 of the Dungeon)
  4258 | D:5      | Entered Level 5 of the Dungeon
  4447 | D:5      | Found Jiunykla's Food Shop.
  4461 | D:5      | Reached XP level 7. HP: 41/41 MP: 8/11
  4501 | D:5      | Reached skill level 5 in Conjurations
  5474 | D:5      | Found a white marble altar of Elyvilon.
  5522 | D:5      | HP: 2/41 [poisoned by a water moccasin]
  5523 | D:5      | Mangled by a water moccasin

Levels and vault maps discovered:
D:1:      tarquinn_simple_flora_water_a, layout_loops_ring
D:2:      layout_loops_ring, minivault_14
D:3:      minmay_spotlight, layout_loops_ring, uniq_terence
D:4:      layout_loops_cross, minmay_temple_entry_glassed_door
D:5:      layout_basic, lemuel_doored_altar, nicolae_overflow_hidden_temple,
          first_ration, serial_shops, shop, shop, shop_fountains,
          minmay_misc_feat_iff, nicolae_ru_awakened_eye, uniq_sigmund
Temple:   zaba_magenta_temple

Skill      XL: |  1  2  3  4  5  6  7 |
---------------+----------------------+-----
Conjurations   | 2 3 4 5 |  5.3
Summonings     | 2 |  2.8
Poison Magic   | 1 2 3 4 |  4.6
Air Magic      | 1 |  1.0
Stealth        | 3 4 |  4.1
Dodging        | |  2.0
Spellcasting   | |  3.2
Translocations | |  1.0

Action                   |  1- 3 |  4- 6 |  7- 9 || total
-------------------------+-------+-------+-------++-------
Melee: Club              |    21 |       |       ||    21
       Constrict         |    10 |    17 |     5 ||    32
       Tentacles         |     5 |     9 |     2 ||    16
       Unarmed           |     3 |       |       ||     3
       War axe           |     9 |    20 |       ||    29
       Short sword       |       |    25 |       ||    25
       Dagger            |       |    18 |    25 ||    43
 Cast: Magic Dart        |    33 |   108 |    23 ||   164
       Mephitic Cloud    |       |       |     2 ||     2
  Use: Scroll            |       |     3 |     2 ||     5
       Potion            |       |       |     2 ||     2
 Stab: Sleeping          |     3 |     3 |       ||     6
       Confused          |       |       |     1 ||     1
  Eat: Chunk             |     2 |     5 |     4 ||    11
       Ration            |       |     1 |       ||     1
Armor: Skin              |     1 |     4 |     5 ||    10
Dodge: Dodged            |    18 |    35 |    19 ||    72

Table legend:
 A = Non-vault XP
 B = Vault XP
 C = Vault XP percentage of total XP
 D = Non-vault monster count
 E = Vault monster count
 F = Vault count percentage of total count
                 A         B        C        D         E       F
            +---------+---------+-------+---------+---------+-------
      Total |     901 |       2 |   0.2 |      82 |       1 |   1.2
            +---------+---------+-------+---------+---------+-------
        D:1 |      27 |       0 |   0.0 |      14 |       0 |   0.0
        D:2 |      97 |       0 |   0.0 |      19 |       0 |   0.0
        D:3 |      32 |       0 |   0.0 |      17 |       0 |   0.0
        D:4 |     365 |       2 |   0.5 |      21 |       1 |   4.5
        D:5 |     380 |       0 |   0.0 |      11 |       0 |   0.0
            +---------+---------+-------+---------+---------+-------
